[Event "*** Titled Tuesday 3|2 Blitz"]
[Site "Chess.com"]
[Date "2017.03.07"]
[Round "5"]
[White "Smirnov_Pavel"]
[Black "igorkovalenko"]
[Result "0-1"]
[WhiteElo "2657"]
[BlackElo "2700"]
[TimeControl "180+2"]
[EndTime "14:09:41 PST"]
[Termination "igorkovalenko won by resignation"]

1. d4 Nf6 2. c4 e6 3. g3 c5 4. Nf3 cxd4 5. Nxd4 Qc7 6. Nc3 a6 7.
Bg2 Nc6 8. O-O Bb4 9. Nxc6 bxc6 10. Bf4 e5 11. Bg5 Be7 12. Rc1 d6 13. Bxf6 Bxf6 14.
Ne4 Be7 15. c5 d5 16. Nd6+ Bxd6 17. cxd6 Qxd6 18. Rxc6 Qxc6 19. Bxd5 Qb5 20. Bxa8 O-O 21. Qc2 Bh3 22. Bc6 Qa5 23. Rd1 Qxa2 24. Bd5 Qa5 25. Qe4 Qc7 26. g4 Qc8 27. f3 Qc5+ 28. e3 Kh8 29. b4 Qc3 30. Qd3 Qxb4 31. Kf2 f5 32. Rb1 Qd6 33. gxf5 e4 34. Qxe4 Qxh2+ 35. Ke1 Bxf5 36. Qe7 Qg1+ 37. Ke2 Qh2+ 38. Ke1 Rc8 39. Rd1 Qg1+ 40. Ke2 Rc2+ 41. Rd2 Qg2+ 0-1

[Event "*** Titled Tuesday 3|2 Blitz"]
[Site "Chess.com"]
[Date "2017.03.07"]
[Round "5"]
[White "SabinaFoisor"]
[Black "Shivagami"]
[Result "1-0"]
[WhiteElo "2185"]
[BlackElo "1953"]
[TimeControl "180+2"]
[EndTime "14:09:42 PST"]
[Termination "SabinaFoisor won by resignation"]

1. d4 Nf6 2. c4 g6 3. Nc3 d5 4.
Bg5 Bg7 5. Bxf6 Bxf6 6. cxd5 c6 7. dxc6 Nxc6 8. e3 O-O 9. Nf3 Bf5 10. Be2 Nb4 11. O-O Rc8 12. a3 Nd5 13. Rc1 Nxc3 14.
Rxc3 Qa5 15. Qb3 Rxc3 16. Qxc3 Qxc3 17. bxc3 e5 18. Nxe5 Bxe5 19. dxe5 Rc8 20. c4 Rc5 21. f4 Kf8 22. Kf2 Ke7 23. Kf3 Be6 24. Rb1 b6 25. Rb4 Kd7 26. Ke4 Kc7 27. Kd4 Ra5 28. a4 Bd7 29.
Bd1 Be8 30. e4 Bd7 31. g4 Rc5 32. f5 Be8 33. h4 Bd7 34. Bc2 Ra5 35. Rb5 Bxb5 36.
cxb5 a6 37. bxa6 Rxa6 38. Bb3 gxf5 39. exf5 Kc6 40. g5 Ra7 41. Bd5+ Kc7 42. Bxf7 Rxa4+ 43. Kd5 Rxh4 44. e6 Kd8 45. f6 Rg4 46. e7+ Kc7 47.
e8=Q Rxg5+ 48. Ke6 Rg1 49. Qd7+ Kb8 50. Qd6+ Kb7 51.
Be8 Re1+ 52. Kd7 Rc1 53. f7 1-0

[Event "*** Titled Tuesday 3|2 Blitz"]
[Site "Chess.com"]
[Date "2017.03.07"]
[Round "5"]
[White "TenisMaster"]
[Black "jk13"]
[Result "1-0"]
[WhiteElo "2609"]
[BlackElo "2506"]
[TimeControl "180+2"]
[EndTime "14:09:43 PST"]
[Termination "TenisMaster won by resignation"]

1. e4 e5 2. Nf3 Nc6 3. Bb5 Nf6 4.
d3 Bc5 5. c3 d6 6. O-O O-O 7.
Bg5 h6 8. Bh4 a6 9. Bxc6 bxc6 10. d4 exd4 11. cxd4 Ba7 12. Nc3 Bg4 13. e5 dxe5 14.
dxe5 Qxd1 15. Raxd1 Nh5 16. Rfe1 Rfe8 17. Kf1 Rab8 18.
b3 Rb4 19. Rd8 Rxd8 20. Bxd8 Bxf3 21. gxf3 Bb6 22. Ne2 Kf8 23. Rd1 Ke8 24. Rd2 a5 25. f4 Nxf4 26. Bh4 Ne6 27. Bg3 g5 28. f3 c5 29. Nc3 Rd4 30. Ke2 c4 31. bxc4 Rxc4 32.
Nd5 Nd4+ 33. Kd3 Ra4 34. Rb2 Nxf3 35. Nxb6 cxb6 36. Rxb6 Rxa2 37. Rxh6 a4 38. Ke4 Nd2+ 39. Kf5 a3 40. Ra6 Nc4 41. Kxg5 Re2 42. Kf6 a2 43. Ra8+ Kd7 44. Kxf7 Nxe5+ 45. Bxe5 Rxe5 46. Rxa2 Rh5 47. Kg6 Rh3 48. Re2 Kd6 49. Kg5 Rh7 50. h4 Re7 51.
Rf2 Ke6 52. Kg6 Re8 53. Re2+ Kd7 54. Rxe8 Kxe8 55. Kg7 1-0

[Event "*** Titled Tuesday 3|2 Blitz"]
[Site "Chess.com"]
[Date "2017.03.07"]
[Round "5"]
[White "Generalas"]
[Black "alekroth64"]
[Result "0-1"]
[WhiteElo "2174"]
[BlackElo "2273"]
[TimeControl "180+2"]
[EndTime "14:09:46 PST"]
[Termination "alekroth64 won on time"]

1. e4 e5 2. Nf3 Nc6 3. Bb5 a6 4.
Ba4 Nf6 5. Kf1 Nxe4 6. Qe2 Nd6 7.
Bxc6 dxc6 8. Nxe5 Be7 9. d4 O-O 10. Nc3 Nf5 11. Be3 Nxd4 12. Bxd4 Qxd4 13. Nxc6 bxc6 14.
Qxe7 Be6 15. Rd1 Qc4+ 16. Kg1 Rab8 17. Qa3 Rfd8 18. Rxd8+ Rxd8 19. Qe7 Qd4 20. h3 h6 21. Qxc7 Rc8 22. Qg3 Qd2 23. Kh2 Qxc2 24. Re1 Qxb2 25. Re3 c5 26. f4 Qc2 27. Ne4 c4 28. Nf6+ Kf8 29. Nh5 Qg6 30. Qxg6 fxg6 31. Rxe6 gxh5 32. Re2 c3 33. Rc2 h4 34. Kg1 Kf7 35. Kf2 Kf6 36.
Ke3 Kf5 37. Kd3 Kxf4 38. a4 Kg3 39. a5 g5 40. Kd4 Rc7 41. Kd5 h5 42. Kd6 Rc8 43. Kd5 g4 44. hxg4 hxg4 45. Kd4 h3 46. gxh3 gxh3 47. Rc1 h2 48. Ke3 c2 49. Ke2 Kg2 0-1

[Event "*** Titled Tuesday 3|2 Blitz"]
[Site "Chess.com"]
[Date "2017.03.07"]
[Round "5"]
[White "RamonManon0g"]
[Black "ChristopherYoo"]
[Result "0-1"]
[WhiteElo "2293"]
[BlackElo "2154"]
[TimeControl "180+2"]
[EndTime "14:09:50 PST"]
[Termination "ChristopherYoo won by checkmate"]

1. d4 Nf6 2. Bg5 Ne4 3. Bf4 d5 4. f3 Nf6 5. e4 dxe4 6. Nc3 e3 7.
Bxe3 c6 8. Bc4 Nbd7 9. Nge2 Nb6 10. Bb3 e6 11. Qd2 Nbd5 12. Bg5 Be7 13. O-O-O h6 14.
Bh4 b5 15. Nxd5 cxd5 16. g4 a5 17. a4 Bd7 18. axb5 a4 19. Ba2 Bxb5 20. Nc3 Bc6 21.
g5 hxg5 22. Bxg5 Qa5 23. f4 a3 24. b3 Bb4 25. Bxf6 gxf6 26. f5 Bxc3 27. Qe3 e5 28. dxe5 d4 29. Qe2 Qxe5 30. Qc4 Bxh1 31. Rxh1 Ke7 32. b4 Rhf8 33. Qc6 Rac8 34. Qa4 Qe3+ 35.
Kb1 Qe5 36. Qxa3 Rc7 37. h4 Rb8 38. Bb3 Bxb4 39. Qa6 Bc3 40. h5 Qa5 41. Qxa5 Bxa5 42. Kc1 Rh8 43. h6 d3 44. h7 dxc2 45. Bxc2 Kf8 46.
Kd1 Kg7 47. Rg1+ Kxh7 48. Rh1+ Kg7 49. Rg1+ Kf8 50. Bd3 Rh4 51. Rg3 Rh1+ 52. Ke2 Rh2+ 53. Ke3 Bb6+ 54. Kf3 Rc3 55. Ke4 Rh4+ 56. Kd5 Rd4# 0-1

[Event "*** Titled Tuesday 3|2 Blitz"]
[Site "Chess.com"]
[Date "2017.03.07"]
[Round "5"]
[White "Grebeniuk-S"]
[Black "AllStarShark"]
[Result "1-0"]
[WhiteElo "2428"]
[BlackElo "2265"]
[TimeControl "180+2"]
[EndTime "14:09:55 PST"]
[Termination "Grebeniuk-S won by checkmate"]

1. d4 d5 2. c4 dxc4 3. e4 Nc6 4.
Nf3 Nf6 5. d5 Na5 6. Nc3 e6 7.
Bg5 Be7 8. Bxc4 Nxc4 9. Qa4+ Bd7 10. Qxc4 exd5 11. exd5 O-O 12. O-O h6 13. Bh4 Ne8 14. Bg3 Bd6 15. Rfe1 Bxg3 16. hxg3 Nd6 17. Qf4 Re8 18. Ne5 a6 19. Ne4 Rf8 20. Nxd6 cxd6 21. Nc4 Bb5 22. Nxd6 Qd7 23. Nf5 Rae8 24. Qg4 g6 25.
Nxh6+ Kg7 26. Qd4+ Kxh6 27. a4 Rxe1+ 28. Rxe1 Bxa4 29. Re4 Bd1 30. Qxd1 Qf5 31. Qd4 g5 32. g4 Qg6 33. f4 Rd8 34. f5 Qg7 35. f6 Qg6 36.
Re3 Kh7 37. d6 Qb1+ 38. Kh2 Kg8 39. d7 Qh7+ 40. Kg3 Qh4+ 41. Kf3 Kh7 42. Re8 Qh1 43.
Qd3+ Kh6 44. Rxd8 Qf1+ 45. Qxf1 b5 46. Qd3 b4 47. Rh8# 1-0

[Event "*** Titled Tuesday 3|2 Blitz"]
[Site "Chess.com"]
[Date "2017.03.07"]
[Round "5"]
[White "Lupul_Cenusiu"]
[Black "TheCount"]
[Result "0-1"]
[WhiteElo "2405"]
[BlackElo "2561"]
[TimeControl "180+2"]
[EndTime "14:10:01 PST"]
[Termination "TheCount won by resignation"]

1. Nf3 Nf6 2. d4 g6 3. c4 Bg7 4.
Nc3 d5 5. e3 O-O 6. Qb3 e6 7.
Bd2 b6 8. Rc1 Bb7 9. cxd5 Nxd5 10. Be2 Nd7 11. O-O c5 12. Rfd1 Qe7 13. Qa3 Rfd8 14.
dxc5 Nxc5 15. Na4 Nxa4 16. Qxa4 Bxb2 17. e4 Bxc1 18. Rxc1 Nf6 19. Bg5 e5 20. h3 Kg7 21.
Rc3 h6 22. Bh4 Rac8 23. Rxc8 Bxc8 24. Bg3 Nd7 25. Qxa7 Qd6 26. Bb5 f6 27. Kh2 Qb8 28. Qa3 Nc5 29. Qc3 Nxe4 30. Qb4 Nc5 31. Qh4 Qd6 32.
Qb4 Be6 33. a4 Bd5 34. Nh4 Ne4 35. Qb1 f5 36. Nf3 f4 37. Bh4 g5 38. Bd3 Nf6 39.
Nxg5 hxg5 40. Bxg5 e4 41. Bc2 f3+ 42. g3 Qc5 43. Be3 Qc3 44. Qc1 Rc8 45. Bh6+ Kf7 46. Qg5 Qxc2 47. Kg1 Qd1+ 48. Kh2 Qf1 0-1

[Event "*** Titled Tuesday 3|2 Blitz"]
[Site "Chess.com"]
[Date "2017.03.07"]
[Round "5"]
[White "Mepetmepe"]
[Black "Tirantes"]
[Result "0-1"]
[WhiteElo "2320"]
[BlackElo "2213"]
[TimeControl "180+2"]
[EndTime "14:10:07 PST"]
[Termination "Tirantes won on time"]

1. Nf3 d5 2. d4 e6 3. c4 Nf6 4. g3 Bb4+ 5. Bd2 Bd6 6. Bg2 c6 7.
O-O Nbd7 8. Nc3 O-O 9. Qc2 dxc4 10.
e4 e5 11. a4 Qe7 12. a5 Rd8 13. Rfe1 exd4 14. Nxd4 Ne5 15. Nf3 Nd3 16. e5 Nxe1 17.
Rxe1 Bg4 18. exd6 Qxd6 19. Bf4 Qd3 20. Qe2 Re8 21. Be3 Qxe2 22. Rxe2 Nd5 23. Bd4 Nxc3 24. Rxe8+ Rxe8 25. Bxc3 Rd8 26. h3 Rd1+ 27. Kh2 Be6 28.
Ne5 Bd5 29. Bf3 Rb1 30. Kg2 f6 31. Nd7 Kf7 32. Nc5 b6 33. Ne4 bxa5 34. Nd2 Bxf3+ 35.
Kxf3 Rc1 36. Bxa5 Rc2 37. Bc3 Ke6 38. Nxc4 Rc1 39. Ke3 h5 40. h4 g5 41. Nd2 Rh1 42. Nf3 Kf5 43. Nd4+ Kg4 44. hxg5 fxg5 45. Nxc6 h4 46.
Ne5+ Kf5 47. gxh4 gxh4 48. Kf3 Rg1 49. Ng4 Rxg4 0-1

[Event "*** Titled Tuesday 3|2 Blitz"]
[Site "Chess.com"]
[Date "2017.03.07"]
[Round "5"]
[White "SavelijTartakover"]
[Black "A-Fier"]
[Result "1-0"]
[WhiteElo "2588"]
[BlackElo "2520"]
[TimeControl "180+2"]
[EndTime "14:10:10 PST"]
[Termination "SavelijTartakover won by resignation"]

1. d4 Nf6 2. c4 g6 3. Nc3 Bg7 4. e4 O-O 5. Nf3 d6 6. Be2 e5 7. O-O Nc6 8. dxe5 Nxe5 9. Bf4 Nxf3+ 10. Bxf3 Be6 11. Be2 Nd7 12. Qd2 Re8 13. Rad1 Nc5 14.
f3 a5 15. b3 Bd7 16. Nb5 Bxb5 17. cxb5 Qf6 18. Bc4 Qb2 19. Qxb2 Bxb2 20. Be3 Ba3 21. b6 cxb6 22. Rxd6 Nxe4 23. Rd7 Nd6 24. Bxb6 Nxc4 25.
bxc4 Re7 26. Rxe7 Bxe7 27. Rd1 Rc8 28. Rd7 Bc5+ 29. Bxc5 Rxc5 30. Rxb7 Rxc4 31. Rb2 Ra4 32. Kf2 h5 33. Kg3 h4+ 34. Kh3 Kg7 35. g3 Kf6 36. Rb6+ Ke5 37. Rb5+ Kd6 38. Rb6+ Kc5 39. Rf6 hxg3 40. hxg3 Rxa2 41. Rxf7 a4 42. Rg7 Rf2 43. f4 a3 44. Rxg6 Kb4 45. Ra6 Kb3 46. Kg4 Rc2 47.
f5 Rc4+ 48. Kg5 Ra4 49. Rxa4 Kxa4 50. f6 a2 51. f7 a1=Q 52. f8=Q Qe5+ 53. Kg4 Kb3 54.
Qf3+ Ka2 55. Kh3 Qh8+ 56. Kg2 Qg7 57. g4 Qg5 58. Qf5 Qd2+ 59. Kg3 Qe3+ 60. Qf3 Qe7 61. Qd5+ Kb2 62. g5 Qe3+ 63. Kg4 Qe2+ 64. Kf5 Qh5 65. Kf6 Qh4 66. Kg7 Ka3 67. g6 Qe7+ 68. Qf7 Qe5+ 69. Qf6 Qc7+ 70. Kg8 Qc8+ 71. Qf8+ 1-0

[Event "*** Titled Tuesday 3|2 Blitz"]
[Site "Chess.com"]
[Date "2017.03.07"]
[Round "5"]
[White "Dr-Bassem"]
[Black "rasmussvane"]
[Result "1/2-1/2"]
[WhiteElo "2627"]
[BlackElo "2518"]
[TimeControl "180+2"]
[EndTime "14:10:12 PST"]
[Termination "Game drawn by stalemate"]

1. Nf3 d5 2. g3 g6 3. Bg2 Bg7 4.
O-O e5 5. d3 Ne7 6. e4 O-O 7.
Nbd2 Nbc6 8. Re1 h6 9. a4 Re8 10. a5 Rb8 11. c3 b6 12. axb6 cxb6 13. b4 Bb7 14. b5 Na5 15. exd5 Nxd5 16. Bb2 Rc8 17. c4 Nb4 18. Nxe5 Bxg2 19. Kxg2 Bxe5 20. Rxe5 Rxe5 21. Bxe5 Nxd3 22. Bc3 Nxc4 23. Nxc4 Rxc4 24. Qd2 Qc8 25. Ra3 Qb7+ 26. f3 Qd5 27. Qxh6 Ne5 28.
Qe3 f6 29. Bxe5 Qxe5 30. Qxe5 fxe5 31. Rxa7 Rc5 32. Kh3 Rxb5 33. Kg4 Rb3 34. Kg5 Rxf3 35. Kxg6 Kf8 36. Rb7 Rf2 37. g4 Rxh2 38. Kf6 Rf2+ 39. Kxe5 Kg8 40. g5 Rf8 41. Ke6 Re8+ 42. Kf6 Rf8+ 43. Kg6 Rd8 44. Rxb6 Rc8 45. Kh6 Rd8 46. g6 Rc8 47. Rf6 Rd8 48. g7 Rc8 49. Kg6 Rc6 50.
Rxc6 1/2-1/2

[Event "*** Titled Tuesday 3|2 Blitz"]
[Site "Chess.com"]
[Date "2017.03.07"]
[Round "5"]
[White "saraswathii"]
[Black "peteseeger"]
[Result "1/2-1/2"]
[WhiteElo "2154"]
[BlackElo "2081"]
[TimeControl "180+2"]
[EndTime "14:10:13 PST"]
[Termination "Game drawn - insufficient material"]

1. e4 e5 2. d3 Nc6 3. Nf3 Nf6 4. g3 d5 5. exd5 Nxd5 6. Bg2 Bc5 7.
O-O O-O 8. Nbd2 Re8 9. h3 f6 10. Qe2 Be6 11. Nc4 Qd7 12. Kh2 Rad8 13. Be3 Nxe3 14.
Nxe3 Nd4 15. Qd1 c6 16. Nd2 f5 17. Nb3 Nxb3 18. axb3 f4 19. Nc4 Bd5 20. Qh5 g6 21. Qe2 Qf5 22. Be4 Qg5 23. Ra5 b6 24. Rxa7 Rf8 25. Bxd5+ cxd5 26. Qxe5 fxg3+ 27. Kg2 Qxe5 28. Nxe5 Rxf2+ 29. Rxf2 gxf2 30. c3 Be3 31. Ng4 d4 32.
Nf6+ Kf8 33. Nxh7+ Kg8 34. Nf6+ Kf8 35. c4 Rd6 36.
Ra8+ Kf7 37. Ne4 Re6 38. Ra7+ Kf8 39. Nxf2 Bxf2 40. Kxf2 Re3 41. Rb7 Rxd3 42. Rxb6 Kg7 43. h4 Rh3 44. c5 Rxh4 45. b4 d3 46. Ke3 Rd4 47. Kd2 g5 48. b5 Kf7 49. Rd6 Rxd6 50.
cxd6 Ke6 51. Kxd3 Kxd6 52. b4 Kc7 53. Ke4 Kb6 54. Kf5 Kxb5 55. Kxg5 Kxb4 1/2-1/2

[Event "*** Titled Tuesday 3|2 Blitz"]
[Site "Chess.com"]
[Date "2017.03.07"]
[Round "5"]
[White "GrigorGrigorov"]
[Black "GMMelik"]
[Result "0-1"]
[WhiteElo "2556"]
[BlackElo "2425"]
[TimeControl "180+2"]
[EndTime "14:10:22 PST"]
[Termination "GMMelik won by resignation"]

1. e4 e5 2. Nf3 Nc6 3. Bc4 Bc5 4.
O-O Nf6 5. d3 d6 6. c3 O-O 7.
Bb3 a6 8. h3 Ba7 9. Re1 h6 10.
Nbd2 Nh5 11. Nf1 Qf6 12. Be3 Nf4 13. Bxa7 Rxa7 14. Kh2 Be6 15. Ne3 Bxb3 16. axb3 Ne7 17. g3 Nfg6 18. h4 Qe6 19. h5 Nh8 20. Nh4 Raa8 21.
b4 d5 22. Qf3 dxe4 23. dxe4 f6 24. Nhf5 Nxf5 25. Nxf5 Kh7 26. Qg4 Qf7 27. Rad1 Rad8 28.
Kg2 g6 29. hxg6+ Qxg6 30. Qf3 Nf7 31. Rh1 Rxd1 32. Rxd1 Rd8 33. Rxd8 Nxd8 34. Qd3 Qe8 35. Qd2 Nf7 36. Qd5 c6 37. Qd3 Ng5 38. f3 Qe6 39. Qd8 h5 40. Qf8 Qf7 41. Qh6+ Kg8 42. Nd6 Qe6 43. Qg6+ Kf8 44. Nf5 Qf7 45. Qh6+ Kg8 46.
Kf2 b6 47. c4 a5 48. bxa5 bxa5 49. b3 Qa7+ 50. Kg2 Qf7 51. Nd6 Qe6 52. Qg6+ Kf8 53. Nf5 Qf7 54. Qh6+ Kg8 55. c5 Ne6 56. Nd6 Qg7 57.
Qxh5 Nf4+ 0-1

[Event "*** Titled Tuesday 3|2 Blitz"]
[Site "Chess.com"]
[Date "2017.03.07"]
[Round "5"]
[White "GMMarcinDziuba"]
[Black "ZapataCharlesS"]
[Result "0-1"]
[WhiteElo "2464"]
[BlackElo "2643"]
[TimeControl "180+2"]
[EndTime "14:10:29 PST"]
[Termination "ZapataCharlesS won on time"]

1. d4 Nf6 2. c4 e5 3. dxe5 Ne4 4. Nc3 Nxc3 5. bxc3 Qe7 6. Nf3 Nc6 7. Bg5 Qc5 8.
Qd5 h6 9. Bf4 g5 10. Bg3 Qa3 11. Qd2 Bg7 12. e3 d6 13. Nd4 Nxe5 14. Be2 O-O 15. O-O Nd7 16. f4 Nc5 17. Bd3 Nxd3 18. Qxd3 Bd7 19. fxg5 hxg5 20. h4 Rae8 21. hxg5 Qc5 22.
Bf4 f5 23. Rae1 Re4 24. Qe2 Be8 25. g4 fxg4 26. Qxg4 Qxc4 27. Qg2 d5 28. Bg3 Rxf1+ 29. Rxf1 Bg6 30. Qh3 Rxe3 31. Qc8+ Re8 32. Qg4 c5 33. Rf6 Bxf6 34. gxf6 Qd3 35. Nf3 Qd1+ 36. Kh2 Re2+ 37. Kh3 Qh1+ 38. Bh2 Qf1+ 39. Kh4 Rxh2+ 40. Nxh2 Qxf6+ 41. Kg3 Qxc3+ 42. Nf3 Qg7 43. Qc8+ Kh7 44. Qxc5 Be4+ 45. Kf2 Qf7 46. Qe3 Bxf3 47. Qxf3 Kg7 48.
Ke3 Qxf3+ 0-1

[Event "*** Titled Tuesday 3|2 Blitz"]
[Site "Chess.com"]
[Date "2017.03.07"]
[Round "5"]
[White "manubibi"]
[Black "Cayse"]
[Result "0-1"]
[WhiteElo "2388"]
[BlackElo "2558"]
[TimeControl "180+2"]
[EndTime "14:10:31 PST"]
[Termination "Cayse won by resignation"]

1. e4 e5 2. Nf3 Nc6 3. Bb5 a6 4.
Ba4 Nf6 5. O-O Be7 6. Re1 b5 7. Bb3 O-O 8. a4 b4 9. d3 d6 10. a5 Rb8 11. Nbd2 Be6 12. Bc4 Qc8 13. Nf1 Bg4 14.
Ne3 Nd4 15. Nxg4 Nxg4 16. Nxd4 exd4 17. Bxa6 Qxa6 18. Qxg4 Rb5 19. Qd7 Bd8 20. b3 Rxa5 21.
Bb2 Rxa1 22. Rxa1 Qb6 23. g3 g6 24. Ra8 Bf6 25. Rxf8+ Kxf8 26. Bc1 Kg7 27. Qh3 h5 28. g4 Qc5 29. gxh5 Qxc2 30. h6+ Kh7 31. Bf4 Qxb3 32. Qd7 Be5 33. Bxe5 dxe5 34. Qxc7 Qe6 35. Qd8 b3 36. Qf8 Qf6 37. h4 b2 38. Qb4 Qf3 39. Qxb2 Qxd3 40. Qb7 Qd1+ 41. Kh2 Qf3 42. Kg1 d3 43. Qd5 Kxh6 44.
Qxe5 f6 45. Qd6 Kh5 46. e5 Qg4+ 47. Kf1 Qe2+ 48. Kg1 fxe5 49. Qf6 Qg4+ 50. Kf1 Qf5 51. Qh8+ Kg4 52. Kg2 d2 53. Qa8 d1=Q 54. f3+ Qdxf3+ 55. Qxf3+ Qxf3+ 0-1

[Event "*** Titled Tuesday 3|2 Blitz"]
[Site "Chess.com"]
[Date "2017.03.07"]
[Round "5"]
[White "Journey_to_GrandMaster_YT"]
[Black "Vegan4future"]
[Result "1-0"]
[WhiteElo "2375"]
[BlackElo "2261"]
[TimeControl "180+2"]
[EndTime "14:10:46 PST"]
[Termination "Journey_to_GrandMaster_YT won by resignation"]

1. d4 Nf6 2. Nf3 g6 3. g3 Bg7 4. Bg2 O-O 5. O-O d6 6. b3 b5 7. a4 b4 8. Nfd2 d5 9. Bb2 Nbd7 10. e4 dxe4 11. Nxe4 Nxe4 12. Bxe4 Rb8 13. Nd2 c5 14. Nc4 cxd4 15. Bxd4 Bxd4 16. Qxd4 Nf6 17. Qxd8 Rxd8 18. Bd3 Nd5 19. Rfe1 f6 20. f4 Kf8 21. Na5 Bd7 22. Bc4 Nc3 23. Re3 Be8 24. Rae1 Rd7 25. Nc6 Rbb7 26. a5 Rdc7 27. a6 Bxc6 28. axb7 Bxb7 29. Ra1 Be4 30. Bd3 Bd5 31. Ra5 e6 32. Re1 Rd7 33. Rea1 Bxb3 34. Rxa7 Rxa7 35. Rxa7 Bd5 36.
Rxh7 g5 37. fxg5 fxg5 38. h4 gxh4 39. gxh4 e5 40. Bf5 e4 41. h5 Ne2+ 42. Kf2 Nf4 43. h6 Bf7 44. Bxe4 Nh3+ 45. Ke3 Ng5 46. Rg7 Ne6 47.
Rg1 Bg8 48. h7 Bxh7 49. Bxh7 Ke7 50. Kd3 Kd6 51. Kc4 Nf4 52. Kxb4 Ne2 53. Rd1+ Kc7 54. c4 Nf4 55. c5 Ng2 56. Rg1 Ne3 57. Rg7+ Kd8 58.
Be4 Nd1 59. c6 Nf2 60. Bf5 1-0

[Event "*** Titled Tuesday 3|2 Blitz"]
[Site "Chess.com"]
[Date "2017.03.07"]
[Round "5"]
[White "afgano29"]
[Black "platy3"]
[Result "0-1"]
[WhiteElo "2421"]
[BlackElo "2591"]
[TimeControl "180+2"]
[EndTime "14:10:49 PST"]
[Termination "platy3 won by resignation"]

1. d4 Nf6 2. c4 g6 3. Nc3 Bg7 4.
e4 d6 5. Nf3 O-O 6. Be2 e5 7.
O-O Nc6 8. d5 Ne7 9. Ne1 Nd7 10.
Be3 f5 11. f3 f4 12. Bf2 g5 13.
g4 h5 14. h3 Ng6 15. Kg2 Rf7 16. Rh1 Bf8 17. Nd3 Rh7 18. Qb3 Kh8 19. a4 a5 20. Nb5 Nc5 21. Nxc5 dxc5 22. d6 cxd6 23. Rad1 Qb6 24. Qc3 Be6 25. b3 Be7 26. Rd3 Kg7 27. Rhd1 hxg4 28. hxg4 Rd8 29. Qd2 Rdh8 30. Bg1 Rh3 31.
Bf1 Rg3+ 32. Kf2 Rh1 33. Bg2 Rh6 34. Nxd6 Nh4 35. Bh1 Bxg4 36. fxg4 Rxd3 37. Qxd3 Rxd6 38. Qc2 Rd4 39. Kf1 Qe6 40. Bxd4 cxd4 41. Qe2 Bc5 42. Bf3 Qb6 43. Rd3 Bb4 44. Qd1 Qc5 45. Ke2 Kf6 46.
Qh1 Bc3 47. Qc1 Qb4 48. Qc2 Ke7 49. Rd1 Kd6 50. Rd3 Kc5 51. Rd1 Kb6 52. Rd3 Ka7 53. Rd1 Qa3 54. Rh1 Qc5 55. Qd3 Qb4 56. Rb1 Ng6 57.
Qc2 Nf8 58. Rh1 Ne6 59. Rh7 Nc5 60. Rg7 d3+ 0-1

[Event "*** Titled Tuesday 3|2 Blitz"]
[Site "Chess.com"]
[Date "2017.03.07"]
[Round "5"]
[White "ZEN-22"]
[Black "Matibar"]
[Result "0-1"]
[WhiteElo "2363"]
[BlackElo "2551"]
[TimeControl "180+2"]
[EndTime "14:11:01 PST"]
[Termination "Matibar won by resignation"]

1. e4 e6 2. d4 d5 3. Nc3 Bb4 4. exd5 exd5 5. Bd3 Nc6 6. Ne2 Nf6 7.
h3 O-O 8. a3 Bd6 9. Bg5 Be6 10.
O-O h6 11. Bh4 Be7 12. Bg3 a6 13. Qd2 Re8 14. Rad1 Bf8 15. Rfe1 Rc8 16. Bh4 b5 17. Qe3 g5 18. Bg3 Bxh3 19. Qd2 Be6 20. f4 Nh5 21. f5 Bd7 22. Nxd5 Nxg3 23. Nxg3 Nxd4 24. Nh5 Rxe1+ 25.
Rxe1 Bc5 26. Kh1 Bc6 27. Be4 Bxd5 28. Bxd5 c6 29. Ba2 Nxf5 30. Qc3 Qd4 31. Qh3 Qf2 32.
Ra1 Kf8 33. g4 Ne3 34. Qg3 Qxg3 35. Nxg3 Nxg4 36. Rf1 Ne5 37. Ne4 Be7 38. Rf5 f6 39. Nxf6 Bxf6 40. Rxf6+ Kg7 41. Re6 Ng4 42. Kg2 Rc7 43. Kg3 Nf6 44. c3 a5 45. Bb1 a4 46.
Bf5 Kf7 47. Rd6 h5 48. Kf3 Ke7 49. Re6+ Kf7 50. Rd6 Kg7 51. Ke3 Re7+ 52. Kf3 Re5 53. Bc8 c5 54. Rc6 c4 55. Bb7 h4 56. Bc8 Rd5 57.
Ke3 g4 58. Kf4 g3 59. Kf3 Rd3+ 60. Kg2 Rd2+ 61. Kg1 Rxb2 62. Rc5 Ne4 63. Rh5 Nxc3 64. Rxh4 Kf6 65. Rh5 Ne2+ 66. Kf1 g2+ 0-1

[Event "*** Titled Tuesday 3|2 Blitz"]
[Site "Chess.com"]
[Date "2017.03.07"]
[Round "5"]
[White "AnthonyWirig"]
[Black "denizozen"]
[Result "0-1"]
[WhiteElo "2551"]
[BlackElo "2472"]
[TimeControl "180+2"]
[EndTime "14:11:04 PST"]
[Termination "denizozen won by resignation"]

1. e4 e6 2. b3 d5 3. Bb2 Nf6 4.
e5 Nfd7 5. Qg4 c5 6. f4 Nc6 7.
Nf3 Qb6 8. Be2 c4 9. Nc3 h5 10. Qg3 Nc5 11. Qf2 Bd7 12. Rb1 cxb3 13. axb3 Be7 14.
O-O Ne4 15. Qxb6 axb6 16. d4 Nxc3 17. Bxc3 O-O 18. Ra1 g6 19. Rxa8 Rxa8 20. Ra1 Rxa1+ 21. Bxa1 Bb4 22. Kf2 Kf8 23. Bd3 Be7 24. Be2 Ba3 25. Ke1 Bc1 26. Nd2 Ba3 27. Kd1 Ke7 28. Nf3 Ke8 29. c3 Be7 30. Kc2 Na7 31. Ne1 b5 32. Nd3 Bc6 33. Bb2 Nc8 34. Bc1 Nb6 35. Bd2 Nd7 36.
Ne1 Kd8 37. Nf3 Kc7 38. Bd3 Nb8 39. g3 Na6 40. h3 b4 41. Bxa6 bxa6 42. cxb4 Kb6 43.
g4 hxg4 44. hxg4 Bb5 45. g5 Be2 46. Ne1 Kb5 47. Kb2 Bf8 48. Nc2 Bd3 49. Na3+ Kb6 50. Kc3 Be2 51. Kb2 Bd3 52. Bc3 Be7 53. Kc1 Bf8 54. Kd2 Be4 55. Ke3 Kb7 56. Nc4 dxc4 57. Kxe4 cxb3 58. d5 Bxb4 59. Bb2 a5 60. dxe6 fxe6 61.
Kd3 a4 62. Kc4 a3 0-1

[Event "*** Titled Tuesday 3|2 Blitz"]
[Site "Chess.com"]
[Date "2017.03.07"]
[Round "5"]
[White "wnstop"]
[Black "KNVB"]
[Result "1-0"]
[WhiteElo "2462"]
[BlackElo "2471"]
[TimeControl "180+2"]
[EndTime "14:11:04 PST"]
[Termination "wnstop won by checkmate"]

1. e4 c5 2. Nf3 e6 3. d4 cxd4 4.
Nxd4 Nc6 5. Nc3 Qc7 6. Be3 a6 7.
Qf3 Bd6 8. O-O-O Be5 9. g3 Nf6 10. Qe2 b5 11. f4 Bxd4 12. Bxd4 Nxd4 13. Rxd4 Bb7 14. Bg2 O-O 15. e5 Bxg2 16. Qxg2 Ng4 17. Qe2 Nh6 18. g4 f6 19. Rhd1 Rad8 20. exf6 gxf6 21.
Rd6 Nf7 22. Rxa6 Qxf4+ 23. Kb1 b4 24. Ne4 Ng5 25. Nc5 Qc7 26. Qe3 Rf7 27. h4 d6 28.
Nxe6 Nxe6 29. Qxe6 Qc8 30. Qxc8 Rxc8 31. Raxd6 Rc4 32. R6d4 Rfc7 33. R1d2 Kf7 34. b3 Rxd4 35. Rxd4 Rb7 36. Kb2 Ke6 37. a3 bxa3+ 38. Kxa3 Ke5 39. c3 h5 40. gxh5 f5 41. Rd8 Rf7 42. Rd1 f4 43. Rf1 Rh7 44. b4 Rxh5 45. b5 Rxh4 46. Kb4 Kd6 47. c4 Kc7 48. Rf3 Kb7 49. c5 Kc7 50. Ka5 Kb7 51. Rd3 Rh7 52. c6+ Kc7 53. Rc3 Rh5 54. Ka6 Rh1 55. b6+ Kc8 56. Kb5 Rh5+ 57. Kb4 Rf5 58. Rf3 Rf6 59. Kb5 Kb8 60. Rh3 Rf8 61.
b7 f3 62. Kb6 f2 63. c7# 1-0

[Event "*** Titled Tuesday 3|2 Blitz"]
[Site "Chess.com"]
[Date "2017.03.07"]
[Round "5"]
[White "SwiftyMcBishop"]
[Black "Vrolijk"]
[Result "1-0"]
[WhiteElo "2202"]
[BlackElo "2311"]
[TimeControl "180+2"]
[EndTime "14:11:05 PST"]
[Termination "SwiftyMcBishop won by resignation"]

1. e4 e6 2. d4 d5 3. Nc3 Nf6 4.
Bg5 Bb4 5. e5 h6 6. Bd2 Bxc3 7.
Bxc3 Ne4 8. Bd3 Nxc3 9. bxc3 c5 10. Nf3 Nc6 11. O-O Qa5 12. c4 cxd4 13. cxd5 Qxd5 14. Qe2 O-O 15. Rfd1 Bd7 16. c3 Rfd8 17. cxd4 Nb4 18.
Be4 Qa5 19. Bxb7 Rab8 20. Be4 Bb5 21. Qd2 Qa3 22. Rdb1 Bc4 23. Qb2 Qa5 24. a3 Nc6 25. Qc2 Qa6 26. Rxb8 Rxb8 27. Rc1 Na5 28. Nd2 Bb5 29.
d5 exd5 30. Bxd5 Rd8 31. Qe4 Bd3 32. Qf3 Bg6 33. Ne4 Rxd5 34. Nf6+ gxf6 35. Qxd5 fxe5 36. Qd8+ Kg7 37. Rc8 Bh7 38. Qh8+ Kg6 39. Rc3 Qd6 40. Rg3+ Kh5 41. h3 Bg6 42. Rf3 e4 43. g4+ Kg5 44. Rg3 Nc4 45. h4+ Kf4 46. Qxh6+ Ke5 47. h5 Qd1+ 48.
Kg2 Nd2 49. Qh8+ Ke6 50. Qc8+ Kd6 51. Qa6+ Ke7 52. hxg6 Nf3 53. Qxa7+ Kd6 54. Qb6+ Kd7 55. Qb7+ Kd6 56. Qb6+ Kd7 57. Qb7+ Kd6 58. Qxe4 Nh4+ 59. Kh3 Qf1+ 60. Kxh4 1-0

[Event "*** Titled Tuesday 3|2 Blitz"]
[Site "Chess.com"]
[Date "2017.03.07"]
[Round "5"]
[White "FlameOak4464"]
[Black "Marreuh"]
[Result "0-1"]
[WhiteElo "1770"]
[BlackElo "2083"]
[TimeControl "180+2"]
[EndTime "14:11:05 PST"]
[Termination "Marreuh won on time"]

1. e4 c5 2. Nf3 d6 3. d4 cxd4 4.
Nxd4 Nf6 5. Nc3 a6 6. f3 Qb6 7. Bc4 e5 8. Nb3 Be6 9. Nd5 Bxd5 10. Bxd5 Nxd5 11. Qxd5 Nd7 12. Bg5 h6 13. Bh4 Qe3+ 14. Kd1 Be7 15. Re1 Qb6 16. Bxe7 Kxe7 17. Kd2 Rac8 18.
Rad1 Nc5 19. Kc1 Rhd8 20. Re3 Ne6 21. Ree1 Nf4 22. Qd2 Rc4 23. g3 Ne6 24. Kb1 Nd4 25.
Nxd4 Rxd4 26. Qe2 f6 27. Rxd4 Qxd4 28. Rd1 Qb6 29. f4 Rc8 30. Qg4 Rg8 31. fxe5 fxe5 32. Qh4+ Kd7 33. Qg4+ Kc7 34. Qe6 Rd8 35. Qf7+ Rd7 36.
Qc4+ Qc6 37. Qe2 Rf7 38. Re1 Qc5 39. Qg4 Kb8 40. a3 Rf2 41. Rc1 Rxh2 42. Qxg7 Ka7 43.
Qf8 Qd4 44. Qf5 Re2 45. g4 Rxe4 46. g5 hxg5 47. Qxg5 Rf4 48. Qd8 e4 49. Re1 e3 50.
Qe7 Re4 51. Qd7 e2 52. Ka2 Qd2 53. Rg1 e1=Q 54. Rxe1 Rxe1 55. Qg7 Qd5+ 56. b3 Qe5 0-1